 Dungeon Crawl Stone Soup version 0.31-a0-40-g1d5085d191 (webtiles) character file.

Game seed: 7062958506135364982

27 pk666 the Firebug (level 2, 0/15 HPs)
             Began as a Deep Elf Fire Elementalist on May 17, 2023.
             Frozen to death by an endoplasm (5 damage)
             ... on level 1 of the Dungeon.
             The game lasted 00:01:53 (954 turns).

pk666 the Firebug (Deep Elf Fire Elementalist)       Turns: 954, Time: 00:01:54

Health: 0/15       AC:  2    Str:  5    XL:     2   Next: 93%
Magic:  1/8        EV: 13    Int: 19    God:
Gold:   46         SH:  0    Dex: 15    Spells: 5/8 levels left

rFire   . . .        (no weapon)
rCold   . . .        (no shield)
rNeg    . . .        a - +0 robe
rPois   .            (no helmet)
rElec   .            (no cloak)
rCorr   .            (no gloves)
SInv    .            (no boots)
Will    .....        (no amulet)
Stlth   ++           (no ring)
HPRegen 0.22/turn    (no ring)
MPRegen 0.11/turn

%: no passive effects
@: no status effects
A: no striking features
a: no special abilities


You were on level 1 of the Dungeon.
You visited 1 branch of the dungeon, and saw 1 of its levels.

You collected 46 gold pieces.

Inventory:

Armour
 a - a +0 robe (worn)
Scrolls
 c - 3 scrolls of noise {unknown}
 d - 2 scrolls of identify {unknown}
 e - 2 scrolls of teleportation {unknown}
 g - a scroll of enchant weapon {unknown}
 i - a scroll of blinking {unknown}
Potions
 b - a potion of magic
 f - 3 potions of resistance {unknown}
 h - a potion of might {unknown}


   Skills:
 + Level 3.0 Dodging
 - Level 2.4 Stealth
 + Level 3.5 Spellcasting
 + Level 1.8 Conjurations
 + Level 3.6 Fire Magic


You had 5 spell levels left.
You knew the following spells:

 Your Spells              Type           Power      Damage    Failure   Level
a - Foxfire               Conj/Fire      52%        2x1d6     4%          1
b - Scorch                Fire           34%        2d6       4%          2

Your spell library contained the following spells:

 Spells                   Type           Power      Damage    Failure   Level
 Inner Flame              Hex/Fire       10%        N/A       21%         3
 Volatile Blastmotes      Fire/Tloc      20%        2d11      21%         3
 Flame Wave               Conj/Fire      13%        2d6       43%         4


Dungeon Overview and Level Annotations

Branches:
Dungeon (1/15)

Altars:


Message History

You hit the hobgoblin but do no damage.
The hobgoblin is severely wounded.
The endoplasm jiggles.
The endoplasm freezes you.
You are frozen.
The hobgoblin barely misses you.
You closely miss the hobgoblin.
The hobgoblin is severely wounded.
The endoplasm barely misses you. The hobgoblin barely misses you.
You hit the hobgoblin but do no damage.
The hobgoblin is severely wounded.
The endoplasm freezes you.
You are frozen.
The hobgoblin hits you but does no damage.
You barely miss the hobgoblin.
The hobgoblin is severely wounded.
The endoplasm completely misses you. The hobgoblin completely misses you.
Casting: Scorch (safe; 4% risk of failure)
Confirm with . or Enter, or press ? or * to list all spells.
There is not enough space to conjure foxfire!
You are too injured to fight recklessly!
You are too injured to fight recklessly!
You hit the hobgoblin.
The hobgoblin is almost dead.
The endoplasm closely misses you. The hobgoblin closely misses you.
You barely miss the hobgoblin.
The hobgoblin is almost dead.
The endoplasm hits you but does no damage.
The hobgoblin hits you.
You closely miss the hobgoblin.
The hobgoblin is almost dead.
The endoplasm freezes you.
You are frozen.
The hobgoblin barely misses you.
You hit the hobgoblin but do no damage.
The hobgoblin is almost dead.
The endoplasm misses you. The hobgoblin closely misses you.
You hit the hobgoblin but do no damage.
The hobgoblin is almost dead.
The endoplasm freezes you.
You are frozen.
You die...

..#.#####......#### ....#
#.....## ....# #.....# ...##
#.....# #### #.g...# #.....#
#########.....#
........#.....######
#######........g@J.######.#.
############^)..†.....
#####.##.#. .. #K# .. >


You could see an endoplasm and a hobgoblin.

Vanquished Creatures
  4 ball pythons (D:1)
  2 endoplasms (D:1)
  A giant cockroach (D:1)
  2 goblins (D:1)
  4 hobgoblins (D:1)
  3 kobolds (D:1)
  4 bats (D:1)
  A frilled lizard (D:1)
  5 rats (D:1)
26 creatures vanquished.

Vanquished Creatures (others)
  95 foxfires (D:1)
95 creatures vanquished.

Grand Total: 121 creatures vanquished

Notes
Turn   | Place    | Note
-------+----------+-------------------------------------------
     0 | D:1      | pk666 the Deep Elf Fire Elementalist began the quest for
                  | the Orb.
     0 | D:1      | Reached XP level 1. HP: 10/10 MP: 6/6
   184 | D:1      | Reached XP level 2. HP: 15/15 MP: 1/8
   187 | D:1      | Learned a level 2 spell: Scorch
   954 | D:1      | Frozen to death by an endoplasm

Illustrated notes

Levels and vault maps discovered:
D:1:      tarquinn_simple_flora_water_f, layout_rooms, st_stairs_9

Skill      XL: |  1  2 |
---------------+-------+-----
Dodging        | 3 |  3.0
Stealth        | |  2.4
Spellcasting   | |  3.5
Conjurations   | |  1.8
Fire Magic     | |  3.6

Action                     || total
---------------------------++-------
  Melee: Unarmed           ||    11
   Cast: Foxfire           ||    60
         Scorch            ||     2
 Armour: Robe              ||     3
  Dodge: Dodged            ||    19

Table legend: (Time is in decaauts)
 A = Elapsed time spent in this place.
 B = Non-inter-level travel time spent in this place.
 C = Inter-level travel time spent in this place.
 D = Time resting spent in this place.
 E = Time spent auto-exploring this place.
 F = Levels seen in this place.
 G = Mean time per level.
                   A        B        C        D        E       F      G
               +--------+--------+--------+--------+--------+-----+--------+
         Total |    954 |    954 |      0 |      0 |    774 |   1 |  954.0 |
       Dungeon |    954 |    954 |      0 |      0 |    774 |   1 |  954.0 |
               +--------+--------+--------+--------+--------+-----+--------+

Top non-repeatable levels by time:
     D:1: 954 daAuts
